 Dungeon Crawl Stone Soup version 0.26-a0-1060-g086102a3f0 (webtiles) character file.

Game seed: 1275456311858846290

11068 Goblin1989 the Nimble (level 11, 0/90 HPs)
             Began as an Octopode Conjurer on Dec 5, 2020.
             Was an Initiate of Gozag.
             Slain by a minotaur
             ... wielding the +10 mace of Wu Jian's Favour {venom, Dex+2}
              (27 damage)
             ... in a Gauntlet on Dec 13, 2020.
             The game lasted 01:11:15 (15189 turns).

Goblin1989 the Nimble (Octopode Conjurer)          Turns: 15189, Time: 01:11:15

Health: 0/90       AC: 12    Str:  6    XL:     11   Next: 72%
Magic:  27/31      EV: 18    Int: 29    God:    Gozag
Gold:   587        SH:  0    Dex: 12    Spells: 7/25 levels left

rFire    x . .     SeeInvis +     - Unarmed
rCold    + + +     Faith    .   (shield currently unavailable)
rNeg     + . .     Spirit   .   (helmet currently unavailable)
rPois    +         Reflect  .   e - amulet of magic regeneration
rElec    .         Harm     .   V - +4 ring of protection
rCorr    .         Rampage  .   k - +6 ring of intelligence
Will     .....     NoTele   +   x - ring of stealth
Stlth    +++.......             c - ring of protection from cold
HPRegen  0.25/turn              w - ring of magical power
MPRegen  0.47/turn              I - ring "Maathoad" {rPois rN+ Slay-2 SInv}
                                s - ring of see invisible
                                D - +4 ring of evasion

@: confusing touch, ice-form
A: large, almost no armour, stealthy swim, amphibious, 8 rings, (constrict 8)
a: End Transformation, Potion Petition, Call Merchant, Bribe Branch, Renounce
Religion


You were in a Gauntlet.
You worshipped Gozag.
Gozag was pleased with you.
You were a creature of crystalline ice.
You visited 2 branches of the dungeon, and saw 12 of its levels.
You also visited: Gauntlet.

You collected 2467 gold pieces.
You spent 555 gold pieces at shops.
You paid 1325 gold pieces to Gozag.

Inventory:

Hand Weapons
 l - a +2 dagger of venom (melded)
 n - a +0 hunting sling
 p - a +0 hand crossbow
 v - a +1 rapier
 W - a +0 broad axe
Missiles
 a - 384 stones (quivered) {@Q3}
 m - 76 sling bullets
 A - 107 bolts
 F - 4 curare-tipped darts
 M - 12 javelins {@Q2}
 Z - 3 throwing nets {!d , @Q1}
Armour
 Q - the +3 hat of Pondering (melded) {ponderous, Will+ MP+10 Int+5}
   (You bought it in a shop on level 7 of the Dungeon)

   It affects your intelligence (+5).
   It affects your willpower, your defense against some magical effects.
   It affects your magic capacity (+10).
 R - the +0 buckler of the Tundras (melded) {Harm Str-3 Int+4}
   (You bought it in a shop on level 6 of the Dungeon)

   It affects your strength (-3).
   It affects your intelligence (+4).
   It increases damage dealt and taken.
Magical Staves
 O - an uncursed staff of fire
Jewellery
 c - a ring of protection from cold (on tentacle)
 e - an amulet of magic regeneration (around neck)
 g - an uncursed ring of resist corrosion
 k - a +6 ring of intelligence (right front paw)
 q - an uncursed ring of ice
 s - a ring of see invisible (on tentacle)
 u - an uncursed ring of positive energy
 w - a ring of magical power (on tentacle)
 x - a ring of stealth (on tentacle)
 D - a +4 ring of evasion (on tentacle)
 I - the ring "Maathoad" (on tentacle) {rPois rN+ Slay-2 SInv}
   (You found it on level 9 of the Dungeon)

   [ring of positive energy]

   It affects your accuracy and damage with ranged weapons and melee attacks
   (-2).
   It protects you from poison.
   It protects you from negative energy.
   It lets you see invisible.
 V - a +4 ring of protection (left front paw)
Wands
 r - a wand of random effects (19)
 L - a wand of flame (23) {@v6}
 X - a wand of enslavement (21)
Scrolls
 d - a scroll of enchant weapon
 f - 2 scrolls of magic mapping {unknown}
 h - 2 scrolls of random uselessness {unknown}
 i - a scroll of enchant armour
 y - 2 scrolls of fear
 z - 5 scrolls of remove curse {@r3}
 B - 3 scrolls of blinking
 C - 2 scrolls of fog
 K - a scroll of immolation
 N - 2 scrolls of amnesia {unknown}
 T - 4 scrolls of teleportation {!r, @r2}
Potions
 b - 3 potions of cancellation
 j - 6 potions of curing {@q1}
 o - a potion of resistance {@q6}
 t - 2 potions of lignification
 E - a potion of invisibility
 G - a potion of mutation {!q}
 H - a potion of berserk rage {unknown}
 J - a potion of degeneration {unknown}
 P - 4 potions of flight
 S - 2 potions of haste {@q3,}
 U - 2 potions of might
 Y - 2 potions of brilliance


   Skills:
 + Level 7.1 Fighting
 - Level 8.0 Dodging
 - Level 2.6 Stealth
 - Level 4.0 Shields
 - Level 5.0 Unarmed Combat
 + Level 7.8 Spellcasting
 - Level 5.2 Conjurations
 - Level 5.0 Hexes
 - Level 6.0 Transmutations
 - Level 6.0 Ice Magic


You had 7 spell levels left.
You knew the following spells:

 Your Spells              Type           Power        Failure   Level
a - Magic Dart            Conj           ####         1%          1
b - Searing Ray           Conj           #####.       1%          2
c - Fulminant Prism       Conj/Hex       #####.....   5%          4
d - Confusing Touch       Hex            #####...     1%          3
e - Ice Form              Ice/Tmut       #####...     4%          4
f - Hailstorm             Conj/Ice       #####...     4%          4

Your spell library contained the following spells:

 Spells                   Type           Power        Failure   Level
 Beastly Appendage        Tmut           #####.       1%          1
 Freeze                   Ice            ####         1%          1
 Wereblood                Tmut           #####...     1%          2
 Dazzling Flash           Conj/Hex       #####.       1%          3
 Frozen Ramparts          Ice            #####.       1%          3
 Ozocubu's Armour         Ice            #####...     1%          3
 Spider Form              Tmut/Pois      ####......   4%          3
 Blade Hands              Tmut           #####.....   11%         5
 Gell's Gravitas          Tloc           ##........   14%         3
 Petrify                  Tmut/Erth      ####....     14%         4
 Summon Ice Beast         Ice/Summ       ####....     14%         4
 Metabolic Englaciation   Hex/Ice        #####.....   14%         5
 Yara's Violent Unravell  Hex/Tmut       #####.....   14%         5
 Iskenderun's Mystic Bla  Conj/Tloc      ####....     16%         4


Dungeon Overview and Level Annotations

Branches:
Dungeon (10/15)            Temple (0/1) D:7            Lair (2/6) D:9
    Orc (0/2) D:10        Gauntlet (1/1)
  Swamp: Lair:2-4    Shoals: Lair:2-4     Snake: Lair:2-4    Spider: Lair:2-4

Altars:
Ashenzari
Cheibriados
Dithmenos
Elyvilon
Fedhas
Gozag
Hepliaklqana
Kikubaaqudgha
Qazlal
Sif Muna
Trog
Vehumet
Wu Jian
Xom
Yredelemnul

Shops:
D:6 [   D:7 [[

Annotations:
D:5 1 runed translucent door
D:7 Maggie
D:9 2 transporters, Life0's ghost, novice MiFi
D:10 3 runed translucent doors, MoonlitKnight's ghost, novice MiBe
Lair:1 2 runed translucent doors, MoonlitKnight's ghost, journeyman MfGl Gauntlet 12 transporters, 16 runed translucent doors


Innate Abilities, Weirdness & Mutations

You cannot wear most types of armour.
You are very stealthy in the water. (Stealth+)
You are amphibious.
You can wear up to eight rings at the same time.
((You can use your tentacles to constrict eight enemies at once.))
((Your skin changes colour to match your surroundings (Stealth+).))
((Your rubbery body absorbs attacks. (AC +1, EV +1)))


Message History

The small abomination is no longer distracted by gold.
You start resting.
You start resting.
HP restored.
Health restored: 75 You start waiting.
Done waiting.
You open the large door.
There is a large open translucent door, spattered with blood here.
You now have 550 gold pieces (gained 21).
There is a large open translucent door here.
You now have 587 gold pieces (gained 37).
There is a large open translucent door, spattered with blood here.
e - a triangular amethyst amulet
There is a transporter here.
j - 6 potions of curing {@q1} (gained 1)
Your pack is full.
You see here a notched iron ring.
Unknown command.
You start putting on your amulet.
You continue putting on your triangular amethyst amulet. x5
You finish putting on your uncursed amulet of magic regeneration.
e - an amulet of magic regeneration (around mantle)
As you read the scroll labelled VEADAONOIMP, it crumbles to dust.
Your body is wracked with pain!
It was a scroll of torment.
You take 33 damage, and have 42/75 hp.
MASSIVE DAMAGE!!
You start resting.
HP restored.
Health restored: 75
m - a notched iron ring You're wearing all the rings you can.
Remove which one? (? for menu, Esc to quit)
You remove your ring of positive energy.
m - a ring of stealth (on tentacle);
x - a ring of stealth (on tentacle)
m - 76 sling bullets
There is a transporter here.
You enter the transporter and appear at another place.
You open the door.
A minotaur comes into view.
It is wielding the +10 mace of Wu Jian's Favour {venom, Dex+2}.
The minotaur bellows!
The minotaur throws a javelin.
The javelin pierces through you.
Found a long smoking staff.
Found a gate leading back out of this place.
You take 3 damage, and have 72/75 hp.
Casting: Fulminant Prism (dangerous; 3% risk of failure)
Confirm with . or Enter, or press ? or * to list all spells.
Aiming: Searing Ray (safe; 1% risk of failure)
Press: ? - help, Shift-Dir - straight line, f - minotaur
Aim: a minotaur, wielding the +10 mace of Wu Jian's Favour {venom, Dex+2}, wearing a +0 plate armour, wearing a +4 ring of protection and quivering 12 javelins (8% to evade)
The searing ray hits the minotaur.
The minotaur is lightly wounded. (Press . to maintain the ray.)
The minotaur throws a javelin.
The javelin pierces through you!!
You take 24 damage, and have 48/75 hp.
MASSIVE DAMAGE!!
You now have 39/41 mp.
You close the door.
Casting: Searing Ray (safe; 1% risk of failure)
Confirm with . or Enter, or press ? or * to list all spells.
You turn into a creature of crystalline ice.
Your +2 dagger of venom melds into your body.
The +3 hat of Pondering {ponderous, Will+ MP+10 Int+5} melds into your body.
The +0 buckler of the Tundras {Harm Str-3 Int+4} melds into your body.
Your +2 dagger of venom stops dripping with poison.
That put a bit of spring back into your step.
You now have 58/90 hp.
Casting: Ice Form (dangerous; 4% risk of failure)
Confirm with . or Enter, or press ? or * to list all spells.
Your front paws begin to glow red.
A minotaur opens the door.
You now have 28/31 mp.
Casting: Confusing Touch (safe; 1% risk of failure)
Confirm with . or Enter, or press ? or * to list all spells.
Aiming: Fulminant Prism (dangerous; 5% risk of failure)
Press: ? - help, Dir - move target, p - minotaur You conjure a prism of explosive energy!
A fulminant prism comes into view.
The minotaur throws a javelin.
The javelin barely misses you.
You now have 25/31 mp.
As you close the door, it creaks loudly!
A minotaur opens the door.
Your fulminant prism crackles loudly.
You close the door.
A minotaur opens the door.
Your fulminant prism explodes!
The blast of energy engulfs the minotaur.
The minotaur is lightly wounded.
Casting: Fulminant Prism (dangerous; 5% risk of failure)
Confirm with . or Enter, or press ? or * to list all spells.
You don't know that spell.
Unknown command.
The minotaur hits you with the +10 mace of Wu Jian's Favour {venom, Dex+2}!!
* * * LOW HITPOINT WARNING * * *
The minotaur gores you but does no damage.
There is an open door here.
You take 32 damage, and have 27/90 hp.
MASSIVE DAMAGE!!
You hit the minotaur but do no damage.
The minotaur is lightly wounded.
The minotaur misses you.
The minotaur gores you but does no damage.
You hit the minotaur but do no damage.
The minotaur is lightly wounded.
The minotaur hits you with the +10 mace of Wu Jian's Favour {venom, Dex+2}!!
You die...
Your body crumbles into a pile of gold.

███ .. █∩█ .█ █.██.█
█.█.. .. █H█.█ .█
.██.███Y█.██.███
.......(.......█
██.██.██.██.██.█
.██.██.██.██.█
..............█
█.██.██.██.██.██
███.██.██.██.██.███
█≈...............≈█ ███
████8..©.©.©.©.©.©..8████
███


You could see a minotaur.

Vanquished Creatures
  An anaconda (shapeshifter) (Gauntlet)
  A deep troll (shapeshifter) (Gauntlet)
  A swamp dragon (shapeshifter) (Gauntlet)
  Maurice (D:10)
  Joseph (D:7)
  A cane toad (Lair:1)
  A rime drake (Lair:1)
  Prince Ribbit (D:6)
  A raiju (Gauntlet)
  5 blink frogs (Lair:1)
  5 yaks
  2 wyverns
  Grum (D:10)
  2 steam dragons (Gauntlet)
  4 wargs (D:10)
  2 water moccasins
  3 orc warriors
  5 black bears
  5 phantoms
  4 ogres
  4 wolves (D:10)
  3 centaurs
  2 big kobolds (D:9)
  7 bullfrogs
  5 scorpions
  3 killer bees (D:10)
  6 wights (D:8)
  A howler monkey (D:4)
  A jelly (D:10)
  A quasit (D:9)
  7 orc priests
  3 bullfrog skeletons
  5 hounds
  7 orc wizards
  4 iguanas
  12 worker ants
  A worker ant zombie (D:6)
  8 gnolls
  21 adders
  5 shadow imps
  2 white imps
  2 oozes (D:2)
  3 ufetubi
  An adder zombie (D:8)
  2 worms (D:4)
  2 dart slugs
  4 leopard geckos
  37 orcs
  A ball python (D:6)
  9 bats
  8 giant cockroaches
  8 goblins
  4 hobgoblins
  15 jackals
  11 kobolds
  3 quokkas
  7 frilled lizards
  A kobold zombie (D:5)
  A leopard gecko skeleton (D:6)
  3 quokka skeletons
  10 rats
287 creatures vanquished.

Vanquished Creatures (others)
  17 fulminant prisms
  33 fungi
  40 plants
  14 withered plants (Gauntlet)
104 creatures vanquished.

Grand Total: 391 creatures vanquished

Notes
Turn   | Place    | Note
-------+----------+-------------------------------------------
     0 | D:1      | Goblin1989 the Octopode Conjurer began the quest for the
                  | Orb.
     0 | D:1      | Reached XP level 1. HP: 11/11 MP: 3/3
   163 | D:1      | Reached XP level 2. HP: 17/17 MP: 0/5
   673 | D:1      | Reached XP level 3. HP: 21/21 MP: 1/6
   737 | D:1      | Learned a level 2 spell: Searing Ray
  1374 | D:2      | Reached XP level 4. HP: 27/27 MP: 5/8
  1449 | D:2      | Found an opulent altar of Gozag.
  1457 | D:2      | Became a worshipper of Gozag Ym Sagoz the Greedy
  1737 | D:2      | Learned a level 4 spell: Fulminant Prism
  2278 | D:2      | Reached skill level 3 in Dodging
  2339 | D:3      | Found an ornate altar of the Wu Jian Council.
  2413 | D:3      | Reached skill level 5 in Conjurations
  2413 | D:3      | Reached XP level 5. HP: 31/31 MP: 4/10
  3054 | D:3      | Found a broken altar of Ashenzari.
  3589 | D:4      | Found a shimmering altar of Xom.
  3623 | D:4      | Reached skill level 1 in Hexes
  3623 | D:4      | Reached XP level 6. HP: 36/36 MP: 3/11
  3689 | D:4      | Goblin1989: !hs * dscm
  3689 | D:4      | meem: No keyword 'dscm'
  3689 | D:4      | Goblin1989: !hs dscm
  3689 | D:4      | meem: 21157. dscm the Petrodigitator (L27 GrEE of Vehumet),
                  | killed by a guardian mummy's death curse on Zig:25 on
                  | 2018-07-23 10:12:28, with 1242070 points after 103890 turns
                  | and 12:44:53.
  3689 | D:4      | Goblin1989: !hs dscm opee
  3689 | D:4      | meem: 4362. dscm the Petrodigitator (L27 OpEE of Uskayaw),
                  | blasted by an Ice Fiend (bolt of cold) (kmap:
                  | evilmike_mini_pan_thingy) in Pandemonium on 2020-12-04
                  | 10:24:05, with 817596 points after 86357 turns and 5:25:53.
  3689 | D:4      | Goblin1989: !hs dscm opee -log
  3689 | D:4      | meem: 4362. dscm, XL27 OpEE, T:86357:
                  | https://crawl.xtahua.com/crawl/morgue/dscm/morgue-dscm-2020
                  | 1204-102405.txt
  3802 | D:4      | Noticed a phantom
  3887 | D:4      | Killed a phantom
  4018 | D:4      | Reached skill level 4 in Dodging
  4037 | D:4      | Reached XP level 7. HP: 15/41 MP: 2/12
  4265 | D:4      | Noticed a moth of wrath
  4275 | D:4      | Found a bloodstained altar of Trog.
  4858 | D:4      | Found an ancient bone altar of Kikubaaqudgha.
  4959 | D:4      | Found a white marble altar of Elyvilon.
  5161 | D:4      | Learned a level 3 spell: Confusing Touch
  5181 | D:5      | Entered Level 5 of the Dungeon
  5181 | D:5      | Found a radiant altar of Vehumet.
  5188 | D:5      | Reached skill level 5 in Hexes
  5199 | D:5      | Learned a level 4 spell: Ice Form
  5371 | D:5      | Reached skill level 1 in Transmutations
  5371 | D:5      | Reached skill level 1 in Ice Magic
  5481 | D:5      | Reached XP level 8. HP: 46/46 MP: 5/14
  5603 | D:5      | Found a runed translucent door.
  5605 | D:5      | Found a basalt altar of Yredelemnul.
  6384 | D:5      | Found a blossoming altar of Fedhas.
  6875 | D:6      | Found Ifibeism's Armour Emporium.
  7340 | D:6      | Found a stormy altar of Qazlal.
  7423 | D:6      | Noticed Prince Ribbit
  7430 | D:6      | Killed Prince Ribbit
  7430 | D:6      | Reached XP level 9. HP: 51/51 MP: 14/15
  7442 | D:6      | Reached skill level 5 in Transmutations
  7447 | D:6      | Reached skill level 5 in Ice Magic
  7590 | D:6      | Found a bloodstained altar of Trog.
  7876 | D:6      | Found a shadowy altar of Dithmenos.
  7876 | D:6      | Found a hazy altar of Hepliaklqana.
  7944 | D:7      | Found a staircase to the Ecumenical Temple.
  7967 | D:7      | Found Jikhlen's Antique Armour Shoppe.
  7976 | D:7      | Noticed Joseph
  7988 | D:7      | Found a snail-covered altar of Cheibriados.
  7992 | D:7      | Found Cheibriados's Comfort Zone.
  8009 | D:7      | Bought the +3 hat of Pondering {ponderous, MR+ MP+10 Int+5}
                  | for 419 gold pieces
  8009 | D:7      | Found the +3 hat of Pondering {ponderous, MR+ MP+10 Int+5}
  8215 | D:7      | Found a shimmering blue altar of Sif Muna.
  8385 | D:8      | Found a shadowy altar of Dithmenos.
  8403 | D:8      | Reached skill level 5 in Spellcasting
  8649 | D:8      | Reached skill level 1 in Unarmed Combat
  8803 | D:8      | Reached skill level 1 in Fighting
  9408 | D:8      | Upgraded the game from 0.26-a0-812-g31a745ddcd to
                  | 0.26-a0-1040-gbe3abf3417
  9447 | D:9      | Found a transporter.
  9496 | D:9      | Got a coiled copper ring
  9548 | D:8      | Identified the ring "Maathoad" {rPois rN+ Slay-2 SInv} (You
                  | found it on level 9 of the Dungeon)
  9594 | D:8      | Learned a level 4 spell: Hailstorm
  9644 | D:8      | Reached skill level 5 in Dodging
  9950 | D:9      | Reached XP level 10. HP: 61/61 MP: 17/17
 10026 | D:9      | Noticed an unseen horror
 10032 | D:9      | Found a staircase to the Lair.
 10188 | D:9      | Upgraded the game from 0.26-a0-1040-gbe3abf3417 to
                  | 0.26-a0-1053-gaff5f71418
 10310 | D:9      | Noticed Life0's ghost (novice MiFi)
 10469 | D:9      | Found a transporter.
 10494 | D:9      | Found a basalt altar of Yredelemnul.
 10680 | D:9      | Reached skill level 6 in Dodging
 11000 | D:10     | Entered Level 10 of the Dungeon
 11078 | D:6      | Bought the +0 buckler of the Tundras {Harm Str-3 Int+4} for
                  | 136 gold pieces
 11140 | D:7      | Killed Joseph
 11214 | D:7      | Found Cheibriados's Comfort Zone.
 11214 | D:7      | Found a snail-covered altar of Cheibriados.
 11270 | D:7      | Found a staircase to the Ecumenical Temple.
 11366 | D:7      | Noticed Maggie
 11428 | D:10     | Noticed Maurice
 11432 | D:10     | Killed Maurice
 12109 | D:10     | Reached skill level 7 in Dodging
 12109 | D:10     | Reached skill level 5 in Unarmed Combat
 12230 | D:10     | Found a staircase to the Orcish Mines.
 12329 | D:10     | Found a runed translucent gate.
 12329 | D:10     | Found a runed translucent gate.
 12329 | D:10     | Found a runed translucent gate.
 12330 | D:10     | Noticed MoonlitKnight's ghost (novice MiBe)
 12351 | D:10     | Noticed Grum
 12367 | D:10     | Reached XP level 11. HP: 34/70 MP: 20/20
 12371 | D:10     | Killed Grum
 12868 | Lair:1   | Entered Level 1 of the Lair of Beasts
 12875 | Lair:1   | Found a large runed translucent door.
 12876 | Lair:1   | Found a large runed translucent door.
 12879 | Lair:1   | Noticed MoonlitKnight's ghost (journeyman MfGl)
 12975 | Lair:1   | Reached skill level 5 in Fighting
 12975 | Lair:1   | Reached skill level 8 in Dodging
 14029 | Lair:2   | Found a gate leading to a gauntlet.
 14038 | Gauntlet | Entered a Gauntlet
 14038 | Gauntlet | Found a transporter.
 14047 | Gauntlet | Found a transporter.
 14051 | Gauntlet | Noticed a soul eater
 14062 | Gauntlet | Found a transporter.
 14064 | Gauntlet | Found a large runed translucent door.
 14065 | Gauntlet | Found a large runed translucent door.
 14066 | Gauntlet | Found a large runed translucent door.
 14066 | Gauntlet | Found a large runed translucent door.
 14066 | Gauntlet | Found a runed translucent door.
 14067 | Gauntlet | Found a transporter.
 14068 | Gauntlet | Found a runed translucent door.
 14069 | Gauntlet | Found a large runed translucent door.
 14069 | Gauntlet | Found a large runed translucent door.
 14070 | Gauntlet | Found a large runed translucent door.
 14071 | Gauntlet | Found a large runed translucent door.
 14077 | Gauntlet | Found a large runed translucent door.
 14077 | Gauntlet | Found a large runed translucent door.
 14078 | Gauntlet | Found a large runed translucent door.
 14078 | Gauntlet | Found a large runed translucent door.
 14079 | Gauntlet | Found a large runed translucent door.
 14079 | Gauntlet | Found a large runed translucent door.
 14080 | Gauntlet | Found a runed translucent gate.
 14080 | Gauntlet | Found a runed translucent gate.
 14080 | Gauntlet | Found a runed translucent gate.
 14081 | Gauntlet | Noticed a harpy
 14082 | Gauntlet | Found a transporter.
 14083 | Gauntlet | Noticed a death drake
 14083 | Gauntlet | a floating eye changed into a death drake
 14084 | Gauntlet | Noticed a sea snake
 14086 | Gauntlet | a harpy changed into a naga
 14087 | Gauntlet | Noticed a faun
 14087 | Gauntlet | a sea snake changed into a faun
 14088 | Gauntlet | a faun changed into a merfolk
 14089 | Gauntlet | Noticed a cyclops
 14089 | Gauntlet | a death drake changed into a cyclops
 14091 | Gauntlet | Noticed a cyclops
 14091 | Gauntlet | a water nymph changed into a cyclops
 14092 | Gauntlet | Found a large runed translucent door.
 14093 | Gauntlet | Found a large runed translucent door.
 14097 | Gauntlet | a cyclops changed into a jumping spider
 14101 | Gauntlet | Found a transporter.
 14102 | Gauntlet | a cyclops changed into a komodo dragon
 14105 | Gauntlet | Noticed a death drake
 14105 | Gauntlet | a komodo dragon changed into a death drake
 14113 | Gauntlet | Found a transporter.
 14116 | Gauntlet | Noticed a wretched star
 14125 | Gauntlet | Found a transporter.
 14129 | Gauntlet | Noticed a death ooze
 14134 | Gauntlet | Noticed a catoblepas
 14137 | Gauntlet | Found a transporter.
 14143 | Gauntlet | Found a transporter.
 14143 | Gauntlet | Found a transporter.
 14158 | Gauntlet | Found a transporter.
 14175 | Gauntlet | Found a transporter.
 14195 | Gauntlet | Found a transporter.
 14220 | Gauntlet | Found a transporter.
 14222 | Gauntlet | Found a transporter.
 14242 | Gauntlet | Found a transporter.
 14266 | Gauntlet | Noticed a large abomination
 14282 | Gauntlet | Noticed a faun
 14283 | Gauntlet | Noticed a two-headed ogre
 14285 | Gauntlet | Noticed an anaconda
 14286 | Gauntlet | Noticed a deep troll
 14286 | Gauntlet | a faun changed into a deep troll
 14289 | Gauntlet | Noticed a swamp dragon
 14289 | Gauntlet | a deep troll changed into a swamp dragon
 14296 | Gauntlet | a swamp dragon changed into a swamp worm
 14302 | Gauntlet | Noticed an ice dragon
 14302 | Gauntlet | an anaconda changed into an ice dragon
 14303 | Gauntlet | Noticed a wolf spider
 14303 | Gauntlet | a swamp worm changed into a wolf spider
 14304 | Gauntlet | Noticed a lindwurm
 14304 | Gauntlet | a wolf spider changed into a lindwurm
 14305 | Gauntlet | a lindwurm changed into a swamp worm
 14307 | Gauntlet | Noticed a sea snake
 14307 | Gauntlet | a swamp worm changed into a sea snake
 14320 | Gauntlet | Found a transporter.
 14367 | Gauntlet | Noticed a queen ant
 14369 | Gauntlet | Noticed a deep troll
 14369 | Gauntlet | Noticed an alligator
 14369 | Gauntlet | a queen ant changed into an alligator
 14369 | Gauntlet | Noticed a queen ant
 14369 | Gauntlet | an alligator changed into a queen ant
 14371 | Gauntlet | Noticed a bunyip
 14371 | Gauntlet | a queen ant changed into a bunyip
 14374 | Gauntlet | Noticed an anaconda
 14374 | Gauntlet | a bunyip changed into an anaconda
 14376 | Gauntlet | Noticed a sea snake
 14376 | Gauntlet | an anaconda changed into a sea snake
 14379 | Gauntlet | Upgraded the game from 0.26-a0-1053-gaff5f71418 to
                  | 0.26-a0-1060-g086102a3f0
 14379 | Gauntlet | a sea snake changed into a dream sheep
 14382 | Gauntlet | Noticed a satyr
 14382 | Gauntlet | an ice dragon changed into a satyr
 14387 | Gauntlet | Noticed a faun
 14387 | Gauntlet | a jumping spider changed into a faun
 14389 | Gauntlet | a faun changed into a dream sheep
 14630 | Gauntlet | Noticed an anaconda
 14631 | Gauntlet | Noticed a deep troll
 14635 | Gauntlet | Noticed a manticore
 14635 | Gauntlet | a water nymph changed into a manticore
 14636 | Gauntlet | Noticed a glowing orange brain
 14636 | Gauntlet | a manticore changed into a glowing orange brain
 14647 | Gauntlet | Killed an anaconda
 14650 | Gauntlet | Noticed a swamp dragon
 14650 | Gauntlet | a glowing orange brain changed into a swamp dragon
 14653 | Gauntlet | Killed a deep troll
 14657 | Gauntlet | Killed a swamp dragon
 15179 | Gauntlet | Identified the +10 mace of Wu Jian's Favour {venom, Dex+2}
 15179 | Gauntlet | Noticed a minotaur
 15189 | Gauntlet | Slain by a minotaur

Illustrated notes

Levels and vault maps discovered:
D:1:      saegor_arrival_simple_d, layout_rooms, nrook_mini_vaults,
          minmay_misc_feat_ornament
D:2:      layout_loops_cross, grunt_gozag_statues
D:3:      layout_rooms, cheibrodos_ashenzari_chains, lemuel_crystal_altar,
          kennysheep_generic_room_3
D:4:      layout_cave_pools, brannock_xom_greatest_gift, tgw_trog, minitemple,
          minmay_misc_feat_five, hangedman_abyss_or_decor_passed,
          kennysheep_path_1
D:5:      layout_basic, vehumet_crystals, lemuel_doored_altar,
          dk_yredelemnul_ordeal
D:6:      layout_loops_ring, riverfiend_overflow_shadow_ancestor, serial_shops,
          nicolae_shop_behind_doors, hangedman_feature_mirror,
          uniq_prince_ribbit1
D:7:      layout_gridville, led_sif_pool, temple_pool_b, serial_shops, shop,
          solitary_fountain, minmay_shop_chei, uniq_maggie, uniq_joseph
D:8:      layout_loops_ring, nicolae_dithmenos_shadow_blocks
D:9:      layout_basic, lemuel_coloured_pillars_altar,
          due_lair_maze_entry_diamond, gammafunk_ghost_arena
D:10:     layout_basic, minmay_orc_entry_guard_dogs, gammafunk_ghost_necromancy,
          uniq_maurice, uniq_grum
Lair:1:   layout_regular_city, ebering_ghost_disaster_area
Lair:2:   layout_regular_city, gauntlet_entry_generic, st_stairs_8,
          hangedman_lair_generics_rect, uniq_erica
Gauntlet: gammafunk_gauntlet_one_two_three [gammafunk_gauntlet_arena_spirals,
          gammafunk_gauntlet_arena_open, nicolae_gauntlet_arena_grate_2,
          minmay_gauntlet_arena_make_your_own_arena, nicolae_gauntlet_swirl,
          nicolae_gauntlet_arena_blocks, gammafunk_gauntlet_arena_hedges,
          gammafunk_gauntlet_arena_crates,
          gammafunk_gauntlet_arena_arrow_garden, gauntlet_exit_green]

Skill      XL: |  1  2  3  4  5  6  7  8  9 10 11 |
---------------+----------------------------------+-----
Spellcasting   | 3 4 5 6 7 |  7.8
Dodging        | 3 4 5 7 8 |  8.0
Conjurations   | 5 |  5.2
Hexes          | 1 3 5 |  5.0
Transmutations | 1 4 6 |  6.0
Ice Magic      | 1 4 6 |  6.0
Unarmed Combat | 3 5 |  5.0
Fighting       | 2 4 7 |  7.1
Shields        | 4 |  4.0
Stealth        | |  2.6

Action                   |  1- 3 |  4- 6 |  7- 9 | 10-12 || total
-------------------------+-------+-------+-------+-------++-------
Melee: Unarmed           |    14 |       |   125 |    77 ||   216
       Constrict         |     8 |     8 |     6 |     3 ||    25
       Tentacles         |     4 |     7 |     6 |     3 ||    20
       War axe           |     1 |    36 |    28 |     1 ||    66
       Dagger            |       |       |       |    12 ||    12
 Fire: Hunting sling     |       |     1 |       |       ||     1
 Cast: Magic Dart        |    59 |   139 |   269 |    18 ||   485
       Searing Ray       |     1 |       |    17 |   111 ||   129
       Fulminant Prism   |       |       |     7 |    10 ||    17
       Ice Form          |       |       |    18 |    10 ||    28
       Hailstorm         |       |       |     6 |    21 ||    27
       Confusing Touch   |       |       |       |     2 ||     2
Invok: Potion Petition   |       |       |     1 |     3 ||     4
 Abil: End Transformatio |       |       |     1 |       ||     1
Evoke: Wand              |       |     3 |       |       ||     3
  Use: Scroll            |       |     3 |     2 |    14 ||    19
       Potion            |       |       |     1 |     2 ||     3
 Stab: Sleeping          |       |       |     4 |       ||     4
Armor: Skin              |    10 |    20 |    43 |    35 ||   108
Dodge: Dodged            |     9 |    59 |   135 |   132 ||   335
Block: Buckler           |       |       |       |     9 ||     9

Table legend: (Time is in decaauts)
 A = Elapsed time spent in this place.
 B = Non-inter-level travel time spent in this place.
 C = Inter-level travel time spent in this place.
 D = Time resting spent in this place.
 E = Time spent auto-exploring this place.
 F = Levels seen in this place.
 G = Mean time per level.
                   A        B        C        D        E       F      G
               +--------+--------+--------+--------+--------+-----+--------+
         Total |  15560 |  14871 |    689 |   3516 |   8759 |  13 | 1196.9 |
       Dungeon |  13112 |  12463 |    649 |   2661 |   7655 |  10 | 1311.2 |
          Lair |   1246 |   1206 |     40 |    295 |    769 |   2 |  623.0 |
      Gauntlet |   1201 |   1201 |      0 |    560 |    334 |   1 | 1201.0 |
               +--------+--------+--------+--------+--------+-----+--------+

Top non-repeatable levels by time:
     D:4: 1753 daAuts
     D:9: 1581 daAuts
     D:8: 1577 daAuts
     D:5: 1566 daAuts
     D:2: 1563 daAuts
  Lair:1: 1237 daAuts
    D:10: 1224 daAuts
     D:6: 1212 daAuts
Gauntlet: 1201 daAuts
     D:1: 1170 daAuts
     D:7: 743 daAuts
     D:3: 720 daAuts
  Lair:2: 9 daAuts
